 Dungeon Crawl Stone Soup version 0.24.1-14-gf8d2b509d9 (webtiles) character file.

Game seed: 7800043570642834128, levelgen mode: deterministic

18 MaCx the Firebug (level 2, 0/20 HPs)
             Began as a Draconian Fire Elementalist on May 27, 2020.
             Slain by Terence
             ... wielding a +0 flail
              (5 damage)
             ... on level 2 of the Dungeon.
             The game lasted 00:05:01 (1082 turns).

MaCx the Firebug (Draconian Fire Elementalist)      Turns: 1082, Time: 00:05:02

Health: 0/20       AC:  4    Str: 10    XL:     2   Next: 48%
Magic:  1/5        EV: 12    Int: 15    God:
Gold:   15         SH:  0    Dex: 11    Spells: 4/5 levels left

rFire    . . .     SeeInvis .   c - +0 dagger
rCold    . . .     Gourm    .   (no shield)
rNeg     . . .     Faith    .   (armour unavailable)
rPois    .         Spirit   .   (helmet restricted)
rElec    .         Reflect  .   (no cloak)
rCorr    .         Harm     .   (no gloves)
MR       .....                  (no boots)
Stlth    ++........             (no amulet)
HPRegen  0.06/turn              (no ring)
MPRegen  0.09/turn              (no ring)

@: no status effects
A: unfitting armour, cold-blooded, AC +4
a: no special abilities


You were on level 2 of the Dungeon.
You were hungry.

You visited 1 branch of the dungeon, and saw 2 of its levels.

You collected 15 gold pieces.

Inventory:

Hand Weapons
 c - a +0 dagger (weapon)
Missiles
 a - 14 stones (quivered)
Jewellery
 e - a +4 ring of dexterity {unknown}
Scrolls
 d - a scroll of remove curse {unknown}
 g - a scroll of teleportation {unknown}
Potions
 f - a potion of curing {unknown}
Comestibles
 b - 4 rations


   Skills:
 - Level 1.7 Dodging
 - Level 1.7 Stealth
 + Level 2.3 Spellcasting
 + Level 1.6 Conjurations
 + Level 3.3 Fire Magic


You had 4 spell levels left.
You knew the following spells:

 Your Spells              Type           Power        Failure   Level  Hunger
a - Flame Tongue          Conj/Fire      #....        8%          1    #......

Your spell library contained the following spells:

 Spells                   Type           Power        Failure   Level  Hunger
 Throw Flame              Conj/Fire      #.....       12%         2    ###....
 Conjure Flame            Conj/Fire      #.......     24%         3    ###....
 Inner Flame              Hex/Fire       #.......     32%         3    ###....
 Sticky Flame             Conj/Fire      #.......     61%         4    #####..
 Fireball                 Conj/Fire      #.........   91%         5    ######.


Dungeon Overview and Level Annotations

Branches:
Dungeon (2/15)

Altars:

Annotations:
D:2 Terence


Innate Abilities, Weirdness & Mutations

Your plain brown scales are hard. (AC +4)
You cannot fit into any form of body armour.
You are cold-blooded and may be slowed by cold attacks.


Message History

Confirm with . or Enter, or press ? or * to list all spells.
Aiming: Flame Tongue (safe; 8% risk of failure)
Press: ? - help, Shift-Dir - straight line, f/p - Terence
Aim: Terence, wielding a +0 flail and wearing a +0 scale mail (severely wounded)
The flame tongue hits Terence but does no damage.
Terence is severely wounded.
Terence says, "Time to say good-bye..."
Terence shouts, "Now you die!"
Casting: Flame Tongue (safe; 8% risk of failure)
Confirm with . or Enter, or press ? or * to list all spells.
Aiming: Flame Tongue (safe; 8% risk of failure)
Press: ? - help, Shift-Dir - straight line, f/p - Terence
Aim: Terence, wielding a +0 flail and wearing a +0 scale mail (heavily wounded)
The flame tongue hits Terence but does no damage.
Terence is heavily wounded.
Terence closely misses you.
Terence says, "You're history."
Terence closely misses you. Terence hits you with a +0 flail.
You die...

####### #.....#
#######.....#
...>.##.....#
####.##.....####### #
#.##.........@.#
####.####.##.####@# #
..................##.####
###......................
.....####..#.####.##.####
###..# #..#.####.##.#
#..# #............# #.<#
##.######.#### #.## #.#
#†#


You could see Terence.

Vanquished Creatures
  A dart slug (D:1)
  7 bats (D:1)
  2 giant cockroaches (D:1)
  A hobgoblin (D:1)
  A frilled lizard (D:2)
  3 goblins (D:1)
  2 rats (D:1)
17 creatures vanquished.

Notes
Turn   | Place    | Note
-------+----------+-------------------------------------------
     0 | D:1      | MaCx the Draconian Fire Elementalist began the quest for
                  | the Orb.
     0 | D:1      | Reached XP level 1. HP: 14/14 MP: 3/3
   330 | D:1      | Reached XP level 2. HP: 20/20 MP: 1/5
  1030 | D:2      | Noticed Terence
  1082 | D:2      | Slain by Terence

Levels and vault maps discovered:
D:1:      mrwooster_arrival_arrow, layout_loops_ring, minmay_misc_feat_roman
D:2:      layout_basic, nicolae_ashenzari_panopticon, minmay_crystal_room,
          grunt_ministairs_9, uniq_natasha, uniq_terence

Action                   || total
-------------------------++-------
Melee: Dagger            ||    21
       Unarmed           ||     5
       Tailslap          ||     3
 Cast: Flame Tongue      ||    31
Armor: Skin              ||    15
Dodge: Dodged            ||    32
